Map: Neon Violet Square LE

Players

MrBangoJango

  • Race: Protoss Protoss
  • League: Gold
  • Spawn Location: 11:00

Kozzy - Winner!

  • Race: Protoss Protoss
  • League: Gold
  • Spawn Location: 5:00

VOD

Have the link to the VOD?

Description

Time

  • Played on: April 3, 2018, 3:33 a.m.
  • Length: 8:09
Show
View Real Time Build Order
Export as new Build Order

MrBangoJango Protoss 

Build Orders: Cannon Rush 

Get SALT Encoding   

  12  0:11  Pylon  
  12  0:13  Probe (Chrono Boost)  
  13  0:23  Probe (Chrono Boost)  
  14  0:28  Probe (Chrono Boost)  
  15  0:40  Probe  
  16  0:45  Forge  
  16  0:52  Pylon  
  16  1:00  Pylon  
  16  1:10  Pylon  
  16  1:31  Photon Cannon  
  15  1:39  Photon Cannon  
  15  1:43  Photon Cannon  
  15  2:09  Nexus  
  15  2:16  Pylon  
  15  2:18  Probe (Chrono Boost)  
  16  2:29  Probe (Chrono Boost)  
  17  2:34  Probe (Chrono Boost)  
  17  2:36  Assimilator  
  17  2:37  Assimilator  
  18  2:44  Probe (Chrono Boost)  
  19  2:54  Probe (Chrono Boost)  
  19  2:58  Gateway  
  20  2:59  Probe (Chrono Boost)  
  21  3:10  Probe  
  22  3:23  Probe  
  23  3:30  Assimilator  
  23  3:40  Assimilator  
  23  3:48  Cybernetics Core  
  23  3:49  Probe (Chrono Boost)  
  24  3:59  Probe (Chrono Boost)  
  25  4:04  Probe (Chrono Boost)  
  25  4:07  Probe  
  27  4:15  Probe (Chrono Boost)  
  29  4:25  Probe (Chrono Boost)  
  29  4:27  Probe (Chrono Boost)  
  30  4:32  Probe (Chrono Boost)  
  30  4:34  Stargate  
  30  4:35  Stargate  
  31  4:42  Probe  
  31  4:43  Stargate  
  32  4:54  Probe (Chrono Boost)  
  33  5:05  Probe (Chrono Boost)  
  34  5:10  Probe (Chrono Boost)  
  34  5:11  Cybernetics Core  
  35  5:20  Probe  
  36  5:30  Void Ray (Chrono Boost)  
  37  5:38  Void Ray (Chrono Boost)  
  36  5:48  Void Ray (Chrono Boost)  
  34  6:06  Pylon  
  34  6:07  Pylon  
  34  6:13  Pylon  
  34  6:22  Pylon  
  34  6:26  Probe, Void Ray (Chrono Boost)  
  34  6:30  Pylon  
  43  6:55  Void Ray (Chrono Boost)  
  43  7:00  Void Ray (Chrono Boost)  
  47  7:20  Void Ray (Chrono Boost)  
Show
View Real Time Build Order
Export as new Build Order

Kozzy Protoss - Winner!

Build Orders:  

Get SALT Encoding   

  12  0:00  Probe  
  13  0:13  Probe  
  14  0:18  Pylon  
  14  0:25  Probe  
  15  0:37  Probe  
  15  0:40  Gateway  
  16  0:49  Probe (Chrono Boost)  
  17  0:51  Assimilator  
  17  1:01  Probe (Chrono Boost)  
  18  1:07  Probe (Chrono Boost)  
  19  1:13  Pylon  
  19  1:15  Probe  
  20  1:25  Zealot (Chrono Boost)  
  20  1:27  Probe  
  23  1:42  Probe  
  24  1:49  Cybernetics Core  
  24  2:12  Probe  
  24  2:15  Assimilator  
  25  2:16  Pylon  
  25  2:24  Probe  
  25  2:28  Stalker  
  28  2:30  Warp Gate  
  28  2:36  Gateway  
  28  2:42  Forge  
  28  2:44  Probe  
  29  2:56  Probe  
  29  2:57  Stalker (Chrono Boost)  
  32  3:08  Pylon  
  32  3:09  Probe  
  33  3:13  Pylon  
  33  3:14  Protoss Ground Weapons Level 1 (Chrono Boost)  
  33  3:36  Gateway  
  33  3:42  Gateway  
  33  3:46  Pylon  
  33  3:52  Stalker  
  35  4:01  Pylon  
  35  4:08  Photon Cannon  
  35  4:16  Photon Cannon  
  35  4:39  Zealot x3  
  35  4:41  Zealot  
  43  5:01  Stalker  
  43  5:02  Stalker  
  43  5:03  Stalker  
  45  5:40  Stalker x3, Shield Battery  
  45  5:41  Stalker  
  53  5:53  Twilight Council  
  53  5:58  Robotics Facility  
  53  6:10  Stalker  
  55  6:45  Observer (Chrono Boost)  
  55  6:46  Nexus  
  56  6:49  Pylon  
  56  6:58  Observer (Chrono Boost)  
  57  7:10  Stalker  
  59  7:28  Stalker x3  
  63  7:33  Stalker  
  51  8:04  Stalker  
  51  8:05  Stalker x2  
Tags
 
Add a new tag
Caveats
  • Supply blocks, unpowered buildings, or Contaminate may cause inaccurate times.
  • Supply counts are checked every 10 seconds.